AoeStats
← Lukan

Arabian Desert

514197669Analyzed
1v1 RM · 20d ago on Oct 17, 2026· 44m 58s· 2 players
Game mode
Random Map
Map size
Tiny (2 player)
Population
200
Speed
Normal
Resources
Standard
Victory
Conquest
Starting age
Dark Age
Ending age
Imperial Age
RankedLock teamsTeams togetherTeam positionsShared explorationLock speedFull tech treeHidden civsTurbo modeCheats
Victory
Defeat
🇵🇪 Japanese · Peru
1201
+14
vs
🇵🇪 Franks · Peru
1164
-14
Lukan
7:11 Loom
9:35 Feudal Age
10:16 Double-Bit Axe
22:46 Castle Age
21:22 Wheelbarrow
22:41 Town Watch
23:48 Bow Saw
29:00 Crossbowman
33:48 Fletching
34:29 Town Patrol
34:40 Bodkin Arrow
37:04 Scale Barding Armor
39:17 Husbandry
39:29 Forging
40:40 Forging
40:50 Chain Barding Armor
Magicnet
9:21 Feudal Age
13:39 Double-Bit Axe
15:51 Fletching
15:58 Loom
16:30 Padded Archer Armor
18:33 Horse Collar
20:49 Gold Mining
23:32 Castle Age
21:54 Stone Mining
23:34 Forging
23:25 Scale Mail Armor
24:04 Town Watch
25:00 Iron Casting
30:08 Squires
36:19 Chain Mail Armor
36:57 Heavy Plow
39:36 Town Patrol
43:54 Imperial Age
41:39 Bow Saw
41:26 Bodkin Arrow
45:01 Conscription
44:10 Capped Ram
Connection lost

Rejoining the realm…

Still unreachable

The connection could not be restored.

Session expired

The server has moved on; the page needs a fresh start.